AoeStats
← Ghost

Oasis

509019776Analyzed
3v3 RM · 8d ago on Sep 25, 2026· 81m 24s· 6 players
Game mode
Random Map
Map size
Normal (6 player)
Population
200
Speed
Normal
Resources
Standard
Victory
Conquest
Starting age
Dark Age
Ending age
Imperial Age
RankedLock teamsTeams togetherTeam positionsShared explorationLock speedFull tech treeHidden civsTurbo modeCheats
Victory
Defeat
🇺🇸 Mongols · United States
861
+16
🇧🇷 Franks · Brazil
859
+17
🇦🇷 Britons · Argentina
835
+25
🇺🇸 Malay · United States
964
-21
🇺🇸 Burgundians · United States
864
-17
🇺🇸 Byzantines · United States
783
-13
ARG_DSP_10
9:55 Feudal Age
9:49 Loom
12:15 Man-at-Arms
20:35 Castle Age
21:14 Double-Bit Axe
21:46 Stone Mining
38:00 Fletching
38:11 Padded Archer Armor
41:05 Imperial Age
40:06 Bodkin Arrow
40:27 Leather Archer Armor
46:29 Wheelbarrow
45:27 Elite Longbowman
48:38 Hand Cart
53:22 Long Swordsman
53:58 Arson
54:15 Squires
54:55 Two-Handed Swordsman
55:54 Scale Mail Armor
56:19 Forging
56:06 Gambesons
56:33 Champion
57:57 Conscription
57:50 Capped Ram
61:21 Bow Saw
64:20 Heavy Scorpion
67:17 Two-Man Saw
70:56 Chemistry
71:02 Pikeman
71:40 Halberdier
alejonone17
11:29 Feudal Age
13:20 Double-Bit Axe
13:29 Gold Mining
21:42 Horse Collar
22:56 Forging
22:38 Fletching
22:49 Padded Archer Armor
24:10 Wheelbarrow
24:33 Stone Mining
28:00 Castle Age
31:29 Bodkin Arrow
31:50 Leather Archer Armor
31:48 Forging
31:43 Scale Barding Armor
31:46 Husbandry
34:36 Imperial Age
32:45 Bow Saw
36:06 Hand Cart
35:40 Town Watch
36:39 Parthian Tactics
36:58 Gold Shaft Mining
37:03 Stone Shaft Mining
36:39 Elite Skirmisher
37:23 Bracer
37:29 Heavy Plow
43:38 Loom
46:16 Thumb Ring
45:39 Crossbowman
47:30 Cavalier
50:34 Caravan
53:28 Town Patrol
55:49 Iron Casting
55:34 Chain Barding Armor
58:44 Blast Furnace
62:45 Light Cavalry
63:39 Bloodlines
64:41 Chemistry
64:04 Ballistics
64:02 Masonry
64:56 Coinage
65:10 Ballistics
66:18 Capped Ram
67:56 Banking
67:17 Siege Ram
70:07 Drill
69:58 Hussar
73:40 Elite Mangudai
74:24 Nomads
73:54 Heavy Cavalry Archer
73:56 Arbalester
76:12 Fortified Wall
76:11 Siege Engineers
76:24 Scale Mail Armor
80:55 Heavy Camel Rider
80:55 Elite Steppe Lancer
BIRIBINHA
7:50 Loom
10:11 Feudal Age
14:25 Wheelbarrow
15:26 Double-Bit Axe
16:44 Scale Mail Armor
17:15 Scale Barding Armor
22:35 Castle Age
20:45 Stone Mining
20:49 Gold Mining
24:02 Hand Cart
27:49 Bow Saw
29:00 Gold Shaft Mining
32:38 Chain Barding Armor
36:34 Imperial Age
34:24 Husbandry
35:55 Chain Mail Armor
36:06 Town Watch
36:45 Hand Cart
37:43 Conscription
36:52 Cavalier
38:35 Plate Barding Armor
38:30 Plate Mail Armor
38:40 Ordonnance Companies
39:09 Paladin
66:30 Caravan
67:01 Coinage
71:29 Banking
Ghost
13:02 Feudal Age
13:44 Double-Bit Axe
13:43 Horse Collar
13:56 Gold Mining
14:25 Loom
23:11 Castle Age
21:47 Bow Saw
23:27 Cavalier
24:09 Husbandry
24:20 Scale Barding Armor
24:53 Forging
26:17 Two-Man Saw
40:07 Chain Barding Armor
47:33 Iron Casting
59:03 Imperial Age
59:53 Paladin
61:49 Plate Barding Armor
62:15 Blast Furnace
Quack Y Attack
7:48 Loom
11:08 Feudal Age
11:23 Double-Bit Axe
16:19 Castle Age
18:24 Horse Collar
19:22 Fletching
20:50 Elite Skirmisher
26:44 Wheelbarrow
27:48 Bow Saw
28:54 Gold Mining
28:54 Stone Mining
29:17 Heavy Plow
28:52 Crossbowman
29:34 Bodkin Arrow
34:12 Imperial Age
32:00 Padded Archer Armor
32:36 Thumb Ring
33:11 Hand Cart
33:10 Arbalester
35:31 Ballistics
36:12 Chemistry
35:14 Bracer
35:30 Leather Archer Armor
36:10 Conscription
57:20 Town Watch
58:33 Bombard Tower
73:55 Caravan
Idle TC Master
6:35 Loom
11:40 Feudal Age
15:41 Wheelbarrow
15:00 Horse Collar
15:09 Double-Bit Axe
29:05 Castle Age
27:36 Stone Mining
27:36 Gold Mining
29:25 Forging
31:24 Iron Casting
30:14 Pikeman
35:36 Scale Mail Armor
35:53 Squires
36:05 Gambesons
37:27 Chain Mail Armor
39:41 Hand Cart
54:04 Imperial Age
55:09 Logistica
76:11 Elite Varangian Guard
80:25 Arson
Connection lost

Rejoining the realm…

Still unreachable

The connection could not be restored.

Session expired

The server has moved on; the page needs a fresh start.